 Dungeon Crawl Stone Soup version 0.29-a0-925-g0a7a3d12f8 (webtiles) character file.

Game seed: 18032918081361720943

27 reriks the Poker (level 3, 25/28 HPs)
             Began as a Merfolk Gladiator on July 28, 2022.
             Quit the game on level 2 of the Dungeon.
             The game lasted 00:01:06 (1186 turns).

reriks the Poker (Merfolk Gladiator)                Turns: 1186, Time: 00:01:06

Health: 25/28      AC:  5    Str: 14    XL:     3   Next: 10%
Magic:  3/3        EV: 13    Int:  9    God:
Gold:   34         SH:  0    Dex: 15    Spells: 2/2 levels left

rFire   . . .      SeeInvis .   a - +0 trident
rCold   . . .      Faith    .   (no shield)
rNeg    . . .      Spirit   .   b - +0 leather armour
rPois   .          Reflect  .   c - +0 helmet
rElec   .          Harm     .   l - +0 cloak
rCorr   .          Rampage  .   (no gloves)
Will    .....                   (no boots)
Stlth   +.........              (no amulet)
HPRegen 0.09/turn               (no ring)
MPRegen 0.08/turn               (no ring)

@: no status effects
A: (nimble swimmer 2), mertail
a: no special abilities


You were on level 2 of the Dungeon.
You visited 1 branch of the dungeon, and saw 2 of its levels.

You collected 34 gold pieces.

Inventory:

Hand Weapons
 a - a +0 trident (weapon)
Missiles
 d - 3 throwing nets (quivered)
 e - a javelin
Armour
 b - a +0 leather armour (worn)
 c - a +0 helmet (worn)
 l - a +0 cloak (worn)
Scrolls
 f - a scroll of fear {unknown}
 h - a scroll of noise {unknown}
 k - a scroll of torment {unknown}
Potions
 g - 2 potions of brilliance {unknown}
 i - a potion of berserk rage {unknown}
 j - a potion of curing {unknown}


   Skills:
 + Level 2.6 Fighting
 + Level 4.4 Polearms
 + Level 2.4 Throwing
 + Level 4.4 Dodging


You had 2 spell levels left.
You didn't know any spells.
Your spell library contained the following spells:

 Spells                   Type           Power      Damage    Failure   Level
 Sublimation of Blood     Necr           0%         N/A       61%         2
 Wereblood                Tmut           0%         N/A       61%         2
 Summon Hydra             Summ           0%         N/A       100%        7


Dungeon Overview and Level Annotations

Branches:
Dungeon (2/15)

Altars:


Innate Abilities, Weirdness & Mutations

((You are very nimble when in or above water. (Stealth+, EV+, Speed+++)))
Your lower body shifts to a powerful aquatic tail in water.


Message History

You kill the hobgoblin!
Things that are here:
a hobgoblin corpse; a rat corpse You start resting.
HP restored.
There is a stone staircase leading down here.
You climb downwards.
The kobold shouts!
The jackal barks!
You hear a bark! x2
The kobold throws a stone.
The stone misses you.
Found 4 large rocks.
There is a stone staircase leading up here.
Found a dagger.
A jackal comes into view. x2
You puncture the kobold!
You kill the kobold!
The jackal misses you.
You hit the jackal.
The jackal is moderately wounded.
The jackal bites you.
The jackal bites you but does no damage.
You miss the jackal.
The jackal is moderately wounded.
The jackal barely misses you. The jackal closely misses you.
You closely miss the jackal.
The jackal is moderately wounded.
The jackal bites you. The jackal closely misses you.
The jackal barely misses you. The jackal misses you.
You closely miss the jackal.
The jackal is moderately wounded.
The jackal barely misses you. x2
The jackal bites you but does no damage.
You closely miss the jackal.
The jackal is moderately wounded.
The jackal barely misses you. x4; The jackal closely misses you.
You hit the jackal.
The jackal is almost dead.
The jackal bites you but does no damage.
The jackal barely misses you. The jackal closely misses you.
The jackal barely misses you.
Are you sure you want to abandon this character and quit the game? (Confirm with "yes".)

.. .. .# ... ...
... ..## ....
#######...
#....##.......#
#......<.....#
....##....h..#
........(@h..#
.#.###..)h......
.. #......###)
## ..........
.............
###.......##..
###...... .
#######.


You could see 3 jackals.

Vanquished Creatures
  2 bats (D:1)
  5 endoplasms (D:1)
  A giant cockroach (D:1)
  2 hobgoblins (D:1)
  2 quokkas (D:1)
  3 ball pythons
  A frilled lizard (D:1)
  2 goblins (D:1)
  2 kobolds
  4 rats (D:1)
  A spectral kobold (D:1)
25 creatures vanquished.

Notes
Turn   | Place    | Note
-------+----------+-------------------------------------------
     0 | D:1      | reriks the Merfolk Gladiator began the quest for the Orb.
     0 | D:1      | Reached XP level 1. HP: 16/16 MP: 1/1
   122 | D:1      | Reached XP level 2. HP: 23/23 MP: 2/2
   503 | D:1      | Found a faded altar of an unknown god.
   935 | D:1      | Reached XP level 3. HP: 11/28 MP: 3/3
  1186 | D:2      | Quit the game

Illustrated notes

Levels and vault maps discovered:
D:1:      minmay_arrival_five_plusses, layout_loops_ring,
          dreamdust_ecumenical_altar_drowned_temple
D:2:      layout_rooms

Action                   || total
-------------------------++-------
Melee: Trident           ||    75
       Punch             ||     1
 Stab: Sleeping          ||     3
Armor: Leather armour    ||    23
Dodge: Dodged            ||    62

Table legend: (Time is in decaauts)
 A = Elapsed time spent in this place.
 B = Non-inter-level travel time spent in this place.
 C = Inter-level travel time spent in this place.
 D = Time resting spent in this place.
 E = Time spent auto-exploring this place.
 F = Levels seen in this place.
 G = Mean time per level.
                   A        B        C        D        E       F      G
               +--------+--------+--------+--------+--------+-----+--------+
         Total |   1184 |   1088 |     96 |    302 |    625 |   2 |  592.0 |
       Dungeon |   1184 |   1088 |     96 |    302 |    625 |   2 |  592.0 |
               +--------+--------+--------+--------+--------+-----+--------+

Top non-repeatable levels by time:
     D:1: 1164 daAuts
     D:2: 20 daAuts
